 Dungeon Crawl Stone Soup version 0.29.1-13-g9f3cf754e1 (webtiles) character file.

Game seed: 5386487423126416943

2 theswoord the Chiller (level 1, -1/15 HPs)
             Began as a Naga Ice Elementalist on Feb 4, 2023.
             Slain by a kobold
             ... wielding a +0 club
              (4 damage)
             ... on level 1 of the Dungeon.
             The game lasted 00:00:16 (36 turns).

theswoord the Chiller (Naga Ice Elementalist)         Turns: 36, Time: 00:00:17

Health: -1/15      AC:  1    Str: 10    XL:     1   Next: 40%
Magic:  0/3        EV:  9    Int: 15    God:
Gold:   0          SH:  0    Dex: 11    Spells: 3/4 levels left

rFire   . . .      SeeInvis +   (no weapon)
rCold   + . .      Faith    .   (no shield)
rNeg    . . .      Spirit   .   a - +0 robe
rPois   +          Reflect  .   (no helmet)
rElec   .          Harm     .   (no cloak)
rCorr   .          Rampage  .   (no gloves)
Will    .....                   (no barding)
Stlth   ++........              (no amulet)
HPRegen 0.05/turn               c - ring of protection from cold
MPRegen 0.08/turn               (no ring)

@: very slightly contaminated, very slow
A: AC +0, large, see invisible, deformed body, poison resistance, slowness 2,
spit poison 1, naga tail 1
a: Spit Poison


You were on level 1 of the Dungeon.
You visited 1 branch of the dungeon, and saw 1 of its levels.

Inventory:

Armour
 a - a +0 robe (worn)
Jewellery
 c - a ring of protection from cold (left hand)
Scrolls
 d - a scroll of butterflies {unknown}
Potions
 b - a potion of magic


   Skills:
 - Level 1.5 Dodging
 - Level 3.0 Stealth
 + Level 2.1 Spellcasting
 + Level 4.0 Ice Magic


You had 3 spell levels left.
You knew the following spells:

 Your Spells              Type           Power      Damage    Failure   Level
a - Freeze                Ice            52%        1d7       4%          1

Your spell library contained the following spells:

 Spells                   Type           Power      Damage    Failure   Level
 Frozen Ramparts          Ice            26%        1d4       12%         3
 Ozocubu's Armour         Ice            13%        N/A       12%         3
 Hailstorm                Conj/Ice       7%         3d4       67%         4


Dungeon Overview and Level Annotations

Branches:
Dungeon (1/15)

Altars:


Innate Abilities, Weirdness & Mutations

Your serpentine skin is tough. (AC +0)
You have supernaturally acute eyesight. (SInv)
Armour fits poorly on your strangely shaped body.
Your system is resistant to poisons. (rPois)
You cover ground very slowly.
You can spit poison.
You have a snake-like lower body.


Message History

The bat barely misses you. The kobold misses you.
A goblin comes into view. It is wielding a +0 dagger.
The kobold hits you with a +0 club.
Casting: Freeze (safe; 4% risk of failure)
Confirm with . or Enter, or press ? or * to list all spells.
Aiming: Freeze (safe; 4% risk of failure)
Press: ? - help, Shift-Dir - straight line, f - kobold
Aim: a kobold, wielding a +0 club You freeze the kobold.
You kill the kobold!
The goblin shouts!
You hear a shout!
The bat hits you but does no damage.
You hear an angry hiss.
The bat hits you but does no damage. The bat barely misses you.
The bat closely misses you.
You hit the bat.
You kill the bat!
A kobold comes into view. It is wielding a +0 club.
Casting: Freeze (safe; 4% risk of failure)
Confirm with . or Enter, or press ? or * to list all spells.
You don't have enough magic to cast this spell.
The goblin barely misses you.
The goblin hits you with a +0 dagger. x2
* * * LOW HITPOINT WARNING * * *
The kobold completely misses you.
You hit the goblin but do no damage. The kobold completely misses you.
The goblin hits you with a +0 dagger.
* * * LOW HITPOINT WARNING * * *
You closely miss the goblin. The kobold barely misses you.
The goblin hits you with a +0 dagger.
* * * LOW HITPOINT WARNING * * *
Casting: Freeze (safe; 4% risk of failure)
Confirm with . or Enter, or press ? or * to list all spells.
Aiming: Freeze (safe; 4% risk of failure)
Press: ? - help, Shift-Dir - straight line, f - goblin
Aim: a goblin, wielding a +0 dagger You miscast Freeze.
You are very lightly contaminated with residual magic.
Nothing appears to happen.
The kobold hits you with a +0 club.
You die...

#.. #.. #..####
#.....###############
###............!.......
#.....#.###..>..#####
#^....### #####.###
#.....# #..g..# #.....#
#...@.# #.....#
#....K.....# #...<.#
##.....###.# #....>#
#.....# #.....# ##.#...
####### ##.#### . #


You could see a goblin and a kobold.

Vanquished Creatures
  A hobgoblin (D:1)
  A bat (D:1)
  A kobold (D:1)
3 creatures vanquished.

Notes
Turn   | Place    | Note
-------+----------+-------------------------------------------
     0 | D:1      | theswoord the Naga Ice Elementalist began the quest for the
                  | Orb.
     0 | D:1      | Reached XP level 1. HP: 15/15 MP: 3/3
    36 | D:1      | Slain by a kobold

Action                   || total
-------------------------++-------
Melee: Unarmed           ||     5
 Cast: Freeze            ||     3
Armor: Robe              ||     3
Dodge: Dodged            ||    11

Levels and vault maps discovered:
D:1:      dpeg_arrival_connections, layout_loops_ring,
          chequers_ecumenical_altar_island, chequers_jeans,
          chequers_serial_rivers_micro_d, minmay_misc_feat_doors
